AoeStats
← martin.fischer.ac

Black Forest

508455537Analyzed
4v4 RM · 10d ago on Sep 22, 2026· 42m 33s· 8 players
Game mode
Random Map
Map size
Large (8 player)
Population
200
Speed
Normal
Resources
Standard
Victory
Conquest
Starting age
Dark Age
Ending age
Imperial Age
RankedLock teamsTeams togetherTeam positionsShared explorationLock speedFull tech treeHidden civsTurbo modeCheats
Victory
Defeat
🇨🇱 Spanish · Chile
1000
+12
🇯🇵 Bohemians · Japan
957
+14
🇩🇪 Mongols · Germany
865
+18
🇪🇸 Bengalis · Spain
862
+19
🇪🇸 Turks · Spain
939
-17
🇹🇷 Burgundians · Türkiye
936
-17
🇩🇪 Byzantines · Germany
900
-15
🇫🇷 Khmer · France
868
-14
ramizeta
2:28 Loom
13:16 Feudal Age
17:04 Castle Age
16:14 Double-Bit Axe
16:11 Horse Collar
18:42 Wheelbarrow
22:29 Bow Saw
23:57 Heavy Plow
24:22 Gold Mining
29:38 Imperial Age
28:22 Fletching
28:46 Forging
28:42 Scale Barding Armor
32:19 Conscription
37:57 Scale Barding Armor
38:28 Iron Casting
38:41 Cavalier
39:37 Bloodlines
40:55 Chain Barding Armor
Cr7juventus
0:54 Loom
12:26 Feudal Age
12:54 Horse Collar
17:26 Castle Age
15:47 Double-Bit Axe
18:34 Bow Saw
18:26 Heavy Plow
21:39 Wheelbarrow
25:06 Hand Cart
29:28 Caravan
31:26 Stone Mining
31:27 Gold Mining
34:20 Imperial Age
31:36 Town Watch
32:08 Masonry
31:55 Murder Holes
32:14 Fortified Wall
32:27 Ballistics
33:15 Stone Shaft Mining
33:15 Gold Shaft Mining
34:56 Elite Ballista Elephant
36:13 Hoardings
36:00 Conscription
36:24 Crop Rotation
36:21 Heavy Scorpion
37:52 Double Crossbow
39:50 Architecture
39:25 Siege Engineers
40:21 Chemistry
eerc
11:07 Feudal Age
9:49 Loom
11:34 Feudal Age
12:24 Double-Bit Axe
13:40 Horse Collar
16:35 Castle Age
15:25 Bow Saw
15:16 Heavy Plow
20:48 Gold Mining
25:26 Gold Shaft Mining
25:32 Ballistics
29:08 Imperial Age
27:28 Wheelbarrow
27:08 Squires
27:10 Stone Mining
27:27 Light Cavalry
28:57 Hand Cart
29:00 Caravan
29:38 Guilds
29:51 Husbandry
31:03 Chemistry
30:31 Scale Barding Armor
30:52 Ballistics
31:32 Stone Shaft Mining
30:41 Cavalier
31:54 Chain Barding Armor
32:07 Crop Rotation
32:49 Two-Man Saw
31:43 Hussar
32:38 Paladin
33:49 Pikeman
35:24 Plate Barding Armor
35:00 Forging
34:50 Scale Mail Armor
34:41 Fletching
36:52 Padded Archer Armor
36:53 Halberdier
41:49 Iron Casting
41:29 Chain Mail Armor
martin.fischer.ac
2:09 Loom
15:06 Feudal Age
19:26 Castle Age
17:44 Double-Bit Axe
17:55 Horse Collar
21:40 Wheelbarrow
23:41 Bow Saw
26:13 Hand Cart
26:09 Gold Mining
28:38 Stone Mining
29:04 Heavy Plow
33:44 Imperial Age
32:39 Fletching
32:52 Padded Archer Armor
33:26 Crossbowman
34:12 Thumb Ring
34:20 Thumb Ring
34:50 Conscription
35:38 Light Cavalry
36:19 Husbandry
38:54 Ballistics
Sägewerk
0:28 Loom
14:58 Feudal Age
16:59 Wheelbarrow
16:16 Double-Bit Axe
22:08 Castle Age
21:55 Stone Mining
22:09 Horse Collar
26:56 Fishing Lines
30:39 Heavy Plow
35:54 Imperial Age
34:37 Husbandry
34:48 Bloodlines
33:59 Light Cavalry
34:40 Gillnets
34:43 Fletching
34:59 Scale Barding Armor
35:24 Bodkin Arrow
35:51 Padded Archer Armor
36:07 Fortified Wall
36:50 Hand Cart
38:39 Chemistry
38:02 Conscription
38:11 Hussar
41:00 Drill
40:42 Onager
t45zeus
10:40 Feudal Age
9:06 Loom
15:26 Castle Age
14:13 Double-Bit Axe
17:44 Horse Collar
25:08 Wheelbarrow
24:19 Town Watch
25:58 Fishing Lines
26:32 Bow Saw
27:38 Hand Cart
27:58 Scale Mail Armor
30:31 Imperial Age
28:11 Gillnets
30:08 Chemistry
29:24 Fervor
30:21 Ballistics
31:06 Squires
30:27 Pikeman
31:22 Scale Mail Armor
31:33 Forging
32:09 Heavy Scorpion
34:16 Two-Man Saw
33:00 Halberdier
36:39 Houfnice
37:30 Siege Engineers
38:43 Chain Mail Armor
39:03 Iron Casting
DaviidWolf
1:19 Loom
12:25 Feudal Age
14:32 Double-Bit Axe
14:28 Horse Collar
17:52 Castle Age
19:12 Wheelbarrow
21:54 Bow Saw
25:23 Town Watch
25:56 Hand Cart
25:54 Heavy Plow
30:01 Imperial Age
27:46 Forging
28:42 Bloodlines
28:33 Husbandry
30:02 Iron Casting
30:21 Gold Mining
31:24 Conscription
31:46 Caravan
33:04 Paiks
35:02 Blast Furnace
34:09 Scale Barding Armor
34:39 Elite Battle Elephant
41:02 Crop Rotation
Ricardo
2:28 Loom
12:52 Feudal Age
13:44 Double-Bit Axe
13:44 Fishing Lines
16:41 Wheelbarrow
16:12 Horse Collar
21:10 Castle Age
20:20 Stone Mining
22:47 Heavy Plow
23:28 Gold Mining
27:31 Imperial Age
25:06 Fletching
26:59 Bow Saw
27:11 Gillnets
29:55 Chemistry
29:24 Bodkin Arrow
30:32 Hand Cart
31:37 Bracer
31:37 Scale Mail Armor
31:48 Forging
32:43 Ballistics
32:52 Caravan
33:12 Pikeman
33:54 Squires
33:40 Gambesons
33:54 Halberdier
38:02 Town Watch
38:50 Elite Skirmisher
39:36 Thumb Ring
39:50 Chain Mail Armor
40:11 Iron Casting
Connection lost

Rejoining the realm…

Still unreachable

The connection could not be restored.

Session expired

The server has moved on; the page needs a fresh start.